 Dungeon Crawl Stone Soup version 0.25-a0-558-g78a2afb0af (webtiles) character file.

Game seed: 12007419934699886783, levelgen mode: classic

30 EnegeticOcto the Covered (level 3, 0/34 HPs)
             Began as a Deep Dwarf Fighter on Feb 24, 2020.
             Slain by Sigmund
             ... wielding a +1 vorpal scythe
              (2 damage)
             ... on level 2 of the Dungeon.
             The game lasted 00:00:21 (318 turns).

EnegeticOcto the Covered (Deep Dwarf Fighter)        Turns: 318, Time: 00:00:21

Health: 0/34       AC:  6    Str: 20    XL:     3   Next: 5%
Magic:  1/1        EV:  7    Int:  8    God:
Gold:   26         SH:  9    Dex: 12    Spells: 2/2 levels left

rFire    . . .     SeeInvis .   a - +0 war axe
rCold    . . .     Gourm    .   c - +0 kite shield
rNeg     . . .     Faith    .   b - +0 scale mail
rPois    .         Spirit   .   (no helmet)
rElec    .         Reflect  .   (no cloak)
rCorr    .         Harm     .   (no gloves)
MR       .....                  (no boots)
Stlth    ..........             (no amulet)
HPRegen  0.00/turn              (no ring)
MPRegen  0.07/turn              (no ring)

@: non-regenerating
A: damage resistance, heal wounds, sense surroundings 1, no regeneration
a: Heal Wounds


You were on level 2 of the Dungeon.
You were not hungry.

You visited 1 branch of the dungeon, and saw 2 of its levels.

You collected 26 gold pieces.

Inventory:

Hand Weapons
 a - a +0 war axe (weapon)
Armour
 b - a +0 scale mail (worn)
 c - a +0 kite shield (worn)
Jewellery
 h - an uncursed amulet of regeneration {unknown}
Scrolls
 d - 2 scrolls of identify {unknown}
 f - a scroll of teleportation {unknown}
 i - a scroll of remove curse {unknown}
 n - a scroll of enchant armour {unknown}
Potions
 j - a potion of cancellation {unknown}
 k - a potion of might {@q3}
 l - a potion of curing {unknown}
 m - 3 potions of stabbing {unknown}
Comestibles
 e - a ration
 g - 4 chunks of flesh


   Skills:
 * Level 3.1 Fighting
 * Level 2.9 Axes
 + Level 3.4 Armour
 + Level 0.6 Dodging
 + Level 3.4 Shields


You had 2 spell levels left.
You didn't know any spells.
Your spell library was empty.

Dungeon Overview and Level Annotations

Branches:
Dungeon (2/15)

Altars:

Annotations:
D:2 Sigmund


Innate Abilities, Weirdness & Mutations

You are resistant to damage.
You can heal yourself by infusing magical energy.
You passively map a small area around you.
You do not regenerate.


Message History

The adder is severely wounded.
You hit something. The adder bites you. You block the adder's attack.
Something hits you!
* * * LOW HITPOINT WARNING * * *
You are too injured to fight recklessly!
You are too injured to fight recklessly!
You are too injured to fight recklessly!
You are too injured to fight recklessly!
You are too injured to fight recklessly!
You are too injured to fight recklessly!
You are too injured to fight recklessly!
You are too injured to fight recklessly!
You fail to use your ability.
The adder barely misses you. The adder bites you but does no damage.
You feel much better. Something hits you! You block the adder's attack.
You hit the adder but do no damage.
The adder is severely wounded.
You miss something. You block the adder's attack.
You hear some strange, mumbled words.
Something tries to affect you, but you resist.
The adder bites you.
You closely miss the adder.
The adder is severely wounded.
You miss something. You block something's attack. You block the adder's attack.
You closely miss the adder.
The adder is severely wounded.
You miss something. You block the adder's attack.
You hear some strange, mumbled words.
A magic dart appears from out of thin air!
The magic dart hits you! The adder bites you.
You miss the adder.
The adder is severely wounded.
You barely miss something. You block the adder's attack.
Something hits you but does no damage. You block the adder's attack.
Something hits you.
* * * LOW HITPOINT WARNING * * *
You are too injured to fight recklessly!
You are too injured to fight recklessly!
You are too injured to fight recklessly!
You are too injured to fight recklessly!
You are too injured to fight recklessly!
You are too injured to fight recklessly!
You are too injured to fight recklessly!
You fail to use your ability.
The adder bites you but does no damage. The adder bites you.
* * * LOW HITPOINT WARNING * * *
You fail to use your ability.
Something hits you. You block the adder's attack.
You are too injured to fight recklessly!
You are too injured to fight recklessly!
You are too injured to fight recklessly!
You are too injured to fight recklessly!
You are too injured to fight recklessly!
Your magical essence is drained by the effort!
You feel much better. You block the adder's attack.
You hear some strange, mumbled words.
A magic dart appears from out of thin air!
The magic dart hits you.
You don't have enough innate magic capacity.
You miss the adder.
The adder is severely wounded.
Your shield and scale mail prevent you from hitting something.
The adder barely misses you. The adder bites you.
You hear some strange, mumbled words.
A puff of flame appears from out of thin air!
You block the puff of flame.
Some of the chunks of flesh in your inventory have rotted away.
You closely miss the adder.
The adder is severely wounded.
You miss something. You block the adder's attack. Something hits you.
The adder barely misses you.
You closely miss the adder.
The adder is severely wounded.
You closely miss something.
You are no longer poisoned.
The adder bites you. Something hits you! You block the adder's attack.
Your shield and scale mail prevent you from hitting the adder.
The adder is severely wounded.
You slash something! You block the adder's attack. Something hits you.
You block the adder's attack.
You slash the adder!
You kill the adder!
You have reached level 3!
Your experience leads to an increase in your attributes!
Increase (S)trength, (I)ntelligence, or (D)exterity?
You feel stronger.
You closely miss something. Something hits you but does no damage.
Your shield and scale mail prevent you from hitting something.
Something hits you.
You miss something. Something hits you but does no damage.
You miss something.
Sigmund appears from thin air!
Reactivating autopickup.
Sigmund hits you with a +1 vorpal scythe!
* * * LOW HITPOINT WARNING * * *
x2 You hit Sigmund.
Sigmund is moderately wounded.
Sigmund hits you but does no damage.
You slash Sigmund!
Sigmund is heavily wounded.
Sigmund hits you with a +1 vorpal scythe.
You die...

* * * * ,* , , ,
* * * * * **** *
, ########. , ,
......>. ,, *
##.....## , ,
####.......# ,
#..@@††....#
#.##.).....# *
.###.###.....##
* ,
.......<....#...
####.######## ..
, , ,, ,< * ,* *
* , * *


You could see Sigmund.

Vanquished Creatures
  An adder (D:2)
  An ooze (D:1)
  A dart slug (D:1)
  A leopard gecko (D:1)
  A bat (D:1)
  2 giant cockroaches (D:1)
  3 goblins (D:1)
  3 kobolds
  A frilled lizard (D:2)
14 creatures vanquished.

Notes
Turn   | Place    | Note
-------+----------+-------------------------------------------
     0 | D:1      | EnegeticOcto the Deep Dwarf Fighter began the quest for the
                  | Orb.
     0 | D:1      | Reached XP level 1. HP: 20/20 MP: 1/1
   133 | D:1      | Reached XP level 2. HP: 27/27 MP: 2/2
   276 | D:2      | Noticed Sigmund
   313 | D:2      | Reached XP level 3. HP: 18/34 MP: 1/1
   318 | D:2      | Slain by Sigmund

Levels and vault maps discovered:
D:1:      mushboom_english_gardens, layout_loops_ring, grunt_decor_cap
D:2:      layout_loops_ring, first_ration, minmay_tall_x, uniq_sigmund

Skill      XL: |  1  2 |
---------------+-------+-----
Fighting       | 3 |  3.1
Axes           | |  2.9
Armour         | |  3.4
Dodging        | |  0.6
Shields        | |  3.4

Action                   || total
-------------------------++-------
Melee: War axe           ||    57
 Abil: Heal Wounds       ||     6
Armor: Scale mail        ||    30
Dodge: Dodged            ||    23
Block: Kite shield       ||    43

Table legend:
 A = Non-vault XP
 B = Vault XP
 C = Vault XP percentage of total XP
 D = Non-vault monster count
 E = Vault monster count
 F = Vault count percentage of total count
                 A         B        C        D         E       F
            +---------+---------+-------+---------+---------+-------
      Total |      44 |       0 |   0.0 |      14 |       0 |   0.0
            +---------+---------+-------+---------+---------+-------
        D:1 |      27 |       0 |   0.0 |      10 |       0 |   0.0
        D:2 |      17 |       0 |   0.0 |       4 |       0 |   0.0
            +---------+---------+-------+---------+---------+-------
